 Dungeon Crawl Stone Soup version 0.22.1-2-g9c5b331 (webtiles) character file.

351 myga the Ducker (level 6, -1/48 HPs)
             Began as a Minotaur Wizard on Dec 20, 2018.
             Slain by Pikel
             ... wielding a +0 whip of freezing
              (2 damage)
             ... on level 4 of the Dungeon on Dec 26, 2018.
             The game lasted 00:32:16 (4540 turns).

myga the Ducker (Minotaur Wizard)                   Turns: 4540, Time: 00:32:17

Health: -1/48      AC:  4    Str: 12    XL:     6   Next: 34%
Magic:  4/9        EV: 12    Int: 15    God:
Gold:   229        SH:  3    Dex: 10    Spells: 4/11 levels left

rFire    . . .     SeeInvis .   j - +2 dagger (holy)
rCold    . . .     Gourm    .   w - +0 buckler
rNeg     . . .     Faith    .   m - +0 robe
rPois    .         Spirit   .   x - +2 hat
rElec    .         Reflect  .   (no cloak)
rCorr    .         Harm     .   (no gloves)
MR       +....                  (no boots)
Stlth    ++........             (no amulet)
HPRegen  0.16/turn              y - ring of protection from magic
MPRegen  0.11/turn              (no ring)

@: no status effects
A: retaliatory headbutt, horns 2
a: no special abilities


You were on level 4 of the Dungeon.
You were hungry.

You visited 1 branch of the dungeon, and saw 4 of its levels.

You collected 229 gold pieces.

Inventory:

Hand Weapons
 e - a +0 dagger
 i - a cursed -3 short sword
 j - a +2 dagger of holy wrath (weapon)
 k - a +0 hunting sling
 s - a +0 hunting sling
 t - a +0 dagger
 v - a +0 short sword
 B - a -2 short sword
 C - a +0 dagger
 F - a +0 hunting sling
Missiles
 c - 49 arrows
 g - 163 stones (quivered)
 o - 21 bolts
Armour
 a - a +0 robe
 b - a +0 hat
 m - a +0 robe (worn)
 n - a +2 helmet
 q - a +0 robe
 w - a +0 buckler (worn)
 x - a +2 hat (worn)
Jewellery
 y - a ring of protection from magic (left hand)
Wands
 z - a wand of acid (1)
Scrolls
 f - a scroll of fog
 p - a scroll of remove curse
 r - a scroll of teleportation
Potions
 h - 2 potions of magic
 l - a potion of lignification
Comestibles
 d - 5 rations


   Skills:
 + Level 2.0 Fighting
 + Level 3.3 Short Blades
 + Level 0.7 Throwing
 + Level 3.5 Dodging
 + Level 2.2 Stealth
 + Level 3.2 Spellcasting
 + Level 1.2 Conjurations
 + Level 0.9 Summonings
 + Level 0.6 Translocations


You had 4 spell levels left.
You knew the following spells:

 Your Spells              Type           Power        Failure   Level  Hunger
a - Magic Dart            Conj           #...         21%         1    #......
b - Blink                 Tloc           N/A          36%         2    ##.....
c - Call Imp              Summ           #.......     32%         2    ##.....
d - Slow                  Hex            #.......     45%         2    ##.....

Your spell library contained the following spells:

 Spells                   Type           Power        Failure   Level  Hunger
 Conjure Flame            Conj/Fire      #.......     58%         3    ###....
 Mephitic Cloud           Conj/Pois/Air  #.......     63%         3    ###....


Dungeon Overview and Level Annotations

Branches:
Dungeon (4/15)
 Temple: D:4-7

Altars:
The Shining One

Annotations:
D:4 Pikel


Innate Abilities, Weirdness & Mutations

You reflexively headbutt those who attack you in melee.
You have a pair of horns on your head.


Message History

Pikel is almost dead.
Pikel hits you with a whip of freezing.
* * * LOW HITPOINT WARNING * * *
Pikel freezes you.
* * * LOW HITPOINT WARNING * * *
You hit Pikel.
Pikel is almost dead.
Pikel hits you with a whip of freezing.
* * * LOW HITPOINT WARNING * * *
Pikel freezes you.
* * * LOW HITPOINT WARNING * * *
2 jackals come into view.
The jackal barks! x2; You hear a shout!
The jackal moves out of view.
Your magical contamination has completely faded away.
The jackal bites you but does no damage.
Pikel hits you with a whip of freezing.
* * * LOW HITPOINT WARNING * * *
Pikel freezes you.
You die...

..p.ppp.#..........#####
.p...##.#....p.........#
.....##...pp..p..p.# #
..######.####'###h#####.#
##.......#...p# #p......#
#.......#....###.###.###
##....h..#......#h###.#
.#.......#......#K###.#
#..............@.....#
#......#.......#####.#
#...... ..##... ..# ##
#.... ## .. #.... ..
...... .. .#..... ..
#..#.. ..


You could see Pikel, 3 slaves and 2 jackals.

Vanquished Creatures
  A phantom (D:3)
  Blork the orc (D:4)
  An iguana (D:4)
  Robin (D:2)
  2 adders
  An ooze (D:1)
  A worm (D:2)
  2 dart slugs
  3 leopard geckos
  An orc (D:4)
  15 bats
  4 giant cockroaches
  21 goblins
  12 hobgoblins
  A quokka (D:3)
  2 ball pythons
  2 frilled lizards (D:3)
  A goblin zombie (D:4)
  A hobgoblin zombie (D:4)
  13 kobolds
  A kobold skeleton (D:4)
  2 orc skeletons (D:4)
  2 orc zombies (D:4)
  7 rats
98 creatures vanquished.

Vanquished Creatures (collateral kills)
  A crimson imp (D:4)
  An adder (D:3)
  A goblin (D:3)
  A hobgoblin zombie (D:4)
  3 kobolds
  An orc zombie (D:4)
  A rat (D:3)
9 creatures vanquished.

Grand Total: 107 creatures vanquished

Notes
Turn   | Place    | Note
-------+----------+-------------------------------------------
     0 | D:1      | myga the Minotaur Wizard began the quest for the Orb.
     0 | D:1      | Reached XP level 1. HP: 14/14 MP: 2/2
   121 | D:1      | Reached XP level 2. HP: 11/20 MP: 0/4
   181 | D:1      | Learned a level 2 spell: Blink
   184 | D:1      | Learned a level 2 spell: Call Imp
   427 | D:1      | Reached XP level 3. HP: 26/26 MP: 1/6
   627 | D:2      | Noticed Robin
  1355 | D:1      | Learned a level 2 spell: Slow
  2208 | D:2      | Killed Robin
  2441 | D:2      | Reached XP level 4. HP: 33/33 MP: 1/7
  2459 | D:2      | Reached skill level 1 in Short Blades
  3343 | D:3      | Reached skill level 1 in Conjurations
  3348 | D:3      | Noticed a phantom
  3393 | D:4      | Reached skill level 1 in Fighting
  3414 | D:4      | Noticed an ogre
  3560 | D:3      | Killed a phantom
  3560 | D:3      | Reached XP level 5. HP: 21/40 MP: 0/8
  3959 | D:4      | Noticed Blork the orc
  3976 | D:4      | Killed Blork the orc
  3976 | D:4      | Reached XP level 6. HP: 5/47 MP: 0/9
  4301 | D:4      | Found a glowing golden altar of the Shining One.
  4441 | D:4      | Noticed a slave
  4442 | D:4      | Noticed Pikel
  4442 | D:4      | Noticed a slave
  4443 | D:4      | Noticed a slave
  4444 | D:4      | Noticed a slave
  4540 | D:4      | HP: 1/48 [Pikel/whip of freezing (4)]
  4540 | D:4      | Slain by Pikel

Skill      XL: |  1  2  3  4  5  6 |
---------------+-------------------+-----
Stealth        | 2 |  2.2
Short Blades   | 2 3 |  3.3
Dodging        | 3 |  3.5
Conjurations   | 1 |  1.2
Fighting       | 1 2 |  2.0
Spellcasting   | 3 |  3.2
Throwing       | |  0.7
Summonings     | |  0.9
Translocations | |  0.6

Action                   |  1- 3 |  4- 6 || total
-------------------------+-------+-------++-------
Melee: Dagger            |    75 |   197 ||   272
       Headbutt          |     8 |    18 ||    26
Throw: Stone             |    47 |    19 ||    66
 Cast: Magic Dart        |    57 |    70 ||   127
       Call Imp          |     4 |     8 ||    12
       Slow              |     3 |       ||     3
       Blink             |     1 |       ||     1
Evoke: Wand              |       |     1 ||     1
  Use: Scroll            |     4 |     7 ||    11
       Potion            |     1 |     3 ||     4
  Eat: Chunk             |     3 |     7 ||    10
       Ration            |     1 |       ||     1
Armor: Robe              |    27 |    50 ||    77
       Skin              |    29 |     1 ||    30
Dodge: Dodged            |    99 |   144 ||   243
Block: Buckler           |       |     9 ||     9
